 Dungeon Crawl Stone Soup version 0.30.1-4-g462c640d31 (webtiles) character file.

Game seed: 12507983561669207255

81 rvierbuc the Firebug (level 4, 0/33 HPs)
             Began as a Demigod Fire Elementalist on Aug 20, 2023.
             Slain by a ball python (1 damage)
             ... on level 3 of the Dungeon.
             The game lasted 00:13:21 (2367 turns).

rvierbuc the Firebug (Demigod Fire Elementalist)    Turns: 2367, Time: 00:13:24

Health: 0/33       AC:  3    Str:  7 (9)  XL:     4   Next: 0%
Magic:  10/10      EV:  9    Int: 19 (21) God:
Gold:   133        SH:  0    Dex: 11 (14) Spells: 4/7 levels left

rFire   . . .        s - +2 dagger (freeze)
rCold   . . .        (no shield)
rNeg    . . .        a - +0 robe
rPois   .            (no helmet)
rElec   .            t - +0 cloak
rCorr   .            (no gloves)
SInv    .            (no boots)
Will    .....        (no amulet)
Stlth   ++           (no ring)
HPRegen 0.25/turn    (no ring)
MPRegen 0.12/turn

%: no passive effects
@: lethally poisoned (0 -> -3), flying, constricted
A: high MP 1, forlorn, divine attributes
a: no special abilities


You were on level 3 of the Dungeon.
You visited 1 branch of the dungeon, and saw 3 of its levels.

You collected 133 gold pieces.

Inventory:

Hand Weapons
 j - a +3 dagger
 p - a +0 falchion
 s - a +2 dagger of freezing (weapon)
Missiles
 k - 3 poisoned darts
Armour
 a - a +0 robe (worn)
 t - a +0 cloak (worn)
Jewellery
 c - a ring of protection from fire
Scrolls
 g - 2 scrolls of identify {unknown}
 i - a scroll of butterflies {unknown}
 l - a scroll of magic mapping {unknown}
 o - a scroll of teleportation {unknown}
 q - a scroll of vulnerability {unknown}
 r - a scroll of enchant armour {unknown}
 v - a scroll of amnesia {unknown}
Potions
 b - a potion of magic
 d - a potion of heal wounds {unknown}
 e - a potion of invisibility {unknown}
 f - a potion of degeneration
 h - a potion of flight
 m - a potion of berserk rage {unknown}
 n - a potion of curing {unknown}
 u - a potion of lignification {unknown}
 w - a potion of attraction {unknown}


   Skills:
 + Level 0.2 Short Blades
 + Level 2.1 Dodging
 - Level 2.2 Stealth
 + Level 2.3 Spellcasting
 + Level 1.2 Conjurations
 + Level 3.6 Fire Magic


You had 4 spell levels left.
You knew the following spells:

 Your Spells              Type           Power      Damage    Failure   Level
a - Foxfire               Conj/Fire      44%        2x1d6     6%          1
b - Wereblood             Tmut           2%         N/A       24%         2

Your spell library contained the following spells:

 Spells                   Type           Power      Damage    Failure   Level
 Scorch                   Fire           32%        2d6       5%          2
 Sublimation of Blood     Necr           2%         N/A       24%         2
 Inner Flame              Hex/Fire       9%         N/A       24%         3
 Volatile Blastmotes      Fire/Tloc      18%        2d11      24%         3
 Portal Projectile        Hex/Tloc       4%         N/A       43%         3
 Tukima's Dance           Hex            2%         N/A       43%         3
 Flame Wave               Conj/Fire      11%        2d6       52%         4
 Blade Hands              Tmut           1%         N/A       99%         5
 Summon Hydra             Summ           1%         N/A       100%        7


Dungeon Overview and Level Annotations

Branches:
Dungeon (3/15)


Innate Abilities, Weirdness & Mutations

You have an increased reservoir of magic. (+10% MP)
You shall have no god before yourself.
Your divine heritage dramatically boosts your attributes as you level up.


Message History

The adder is almost dead.
You feel sick. The adder closely misses you.
You are too injured to fight recklessly!
You feel sick.
You are too injured to fight recklessly!
The adder attacks as you move away! The adder misses you.
You feel sick. The ball python misses you. The ball python grabs you.
The ball python constricts you.
The ball python's grasp on you weakens, but your attempt to escape fails.
You feel sick.
You are no longer poisoned.
The adder bites you.
* * * LOW HITPOINT WARNING * * *
The ball python misses you. The ball python constricts you.
You closely miss the adder.
The adder is almost dead.
The adder bites you.
* * * LOW HITPOINT WARNING * * *
You are poisoned.
The adder poisons you! The ball python bites you.
* * * LOW HITPOINT WARNING * * *
The ball python constricts you. The adder bites you.
* * * LOW HITPOINT WARNING * * *
It was a potion of flight.
You feel very buoyant.
You fly up into the air.
* * * LOW HITPOINT WARNING * * *
You feel sick.
The ball python bites you but does no damage.
The ball python constricts you.
* * * LOW HITPOINT WARNING * * *
The adder closely misses you.
It was a potion of degeneration.
There was something very wrong with that liquid.
You feel weakened.
You feel dopey.
You feel clumsy.
* * * LOW HITPOINT WARNING * * *
You feel sick. The ball python barely misses you.
The ball python constricts you. The adder bites you but does no damage.
The ball python bites you.
You die...

....#....# ##.# #.#
########.#
######..###########)# .#
#...................# #
.# #.##.#.##.###.####..#
# .# #.
#.#.##.###.####..# .. #.
#............†...# ##.
#.##.#.#.##.###.##..# .#
#..SS#.....[.)......# .
#.....##@#.#.#.##.#.##..#
...##..
#...#........##..# . #..
#.#......#.#.....#
#.....#.#......#.##..#
#..##........#...##..#
#.. #.#.##.#.#.#.##.##
... ...........#....#
#.###.##.#.#(##.# .
.........# #


You could see an adder and a ball python.

Vanquished Creatures
  3 adders (D:2)
  2 worms (D:3)
  A dart slug (D:1)
  3 orcs (D:3)
  7 ball pythons
  6 endoplasms
  A giant cockroach (D:3)
  4 goblins
  A hobgoblin (D:3)
  7 kobolds
  2 quokkas
  3 bats
  A rat (D:1)
41 creatures vanquished.

Vanquished Creatures (others)
  65 foxfires
65 creatures vanquished.

Grand Total: 106 creatures vanquished

Notes
Turn   | Place    | Note
-------+----------+-------------------------------------------
     0 | D:1      | rvierbuc the Demigod Fire Elementalist began the quest for
                  | the Orb.
     0 | D:1      | Reached XP level 1. HP: 14/14 MP: 5/5
   261 | D:1      | Reached skill level 3 in Fire Magic
   584 | D:1      | Reached XP level 2. HP: 20/20 MP: 5/7
   612 | D:1      | You fall into a shaft and drop 1 floor!
   965 | D:2      | Reached skill level 1 in Conjurations
  1028 | D:2      | Reached XP level 3. HP: 26/26 MP: 6/8
  1482 | D:2      | Learned a level 2 spell: Wereblood
  2296 | D:3      | Reached XP level 4. HP: 24/33 MP: 5/10
  2366 | D:3      | HP: 1/33 [constriction (1)]
  2367 | D:3      | Slain by a ball python

Illustrated notes

Levels and vault maps discovered:
D:1:      dreamdust_arrival_beginning_and_end, layout_loops_cross
D:2:      layout_basic, basic_altar
D:3:      layout_rooms, minmay_diced_spiral

Skill      XL: |  1  2  3 |
---------------+----------+-----
Fire Magic     | 3 |  3.6
Stealth        | 2 |  2.2
Spellcasting   | 2 |  2.3
Conjurations   | 1 |  1.2
Dodging        | 2 |  2.1
Short Blades   | |  0.2

Action                     |  1- 3 |  4- 6 || total
---------------------------+-------+-------++-------
  Melee: Unarmed           |     1 |       ||     1
         Dagger            |    62 |    12 ||    74
   Cast: Foxfire           |    58 |       ||    58
         Wereblood         |     2 |       ||     2
    Use: Potion            |       |     2 ||     2
 Armour: Robe              |    15 |     4 ||    19
  Dodge: Dodged            |    46 |    10 ||    56
